 Dungeon Crawl Stone Soup version 0.21.1-1-g345015f (webtiles) character file.

37 tidbits the Covered (level 3, -1/28 HPs)
             Began as a Gnoll Wanderer on Feb 6, 2018.
             Killed from afar by Sigmund (9 damage)
             ... with a puff of flame
             ... on level 2 of the Dungeon.
             The game lasted 00:04:45 (143 turns).

tidbits the Covered (Gnoll Wanderer)                 Turns: 143, Time: 00:04:46

Health: -1/28      AC:  2    Str: 17    XL:     3   Next: 39%
Magic:  7/7        EV: 11    Int: 13    God:
Gold:   0          SH:  0    Dex: 13    Spells: 3/7 levels left

rFire    . . .     SeeInvis .   b - +0 shortbow
rCold    . . .     Gourm    .   (shield currently unavailable)
rNeg     . . .     Faith    .   B - +0 robe
rPois    .         Spirit   .   (no helmet)
rElec    .         Reflect  .   (no cloak)
rCorr    .         Harm     .   (no gloves)
MR       .....     Rnd*Tele +   (no boots)
Stlth    ++........             (no amulet)
HPRegen  0.09/turn              k - ring of teleportation (curse)
MPRegen  0.10/turn              (no ring)

@: no status effects
A: distributed training, fangs 1, strong nose
a: no special abilities


You were on level 2 of the Dungeon.
You were not hungry.

You visited 1 branch of the dungeon, and saw 2 of its levels.

Inventory:

Hand Weapons
 a - a +0 club
 b - a +0 shortbow (weapon)
 f - a +0 dagger
Armour
 B - a +0 robe (worn)
 D - a +0 shield
Jewellery
 k - a cursed ring of teleportation (left hand)
   (You found it on level 2 of the Dungeon)
Wands
 j - a wand of random effects (10)
Scrolls
 e - a scroll of teleportation {unknown}
 h - a scroll of remove curse {unknown}
Books
 d - the Incunabulum of Shape Shifting

   Spells                             Type                      Level
   a - Passwall                       Transmutation/Earth          2
   b - Sticks to Snakes               Transmutation                2
Comestibles
 c - a ration


   Skills:
 + Level 2.6 Fighting
 + Level 0.7 Short Blades
 + Level 0.7 Long Blades
 + Level 0.7 Axes
 + Level 0.7 Maces & Flails
 + Level 0.7 Polearms
 + Level 0.7 Staves
 + Level 0.7 Slings
 + Level 2.6 Bows
 + Level 0.7 Crossbows
 + Level 0.7 Throwing
 + Level 6.5 Armour
 + Level 0.7 Dodging
 + Level 2.3 Stealth
 + Level 2.6 Shields
 + Level 0.7 Unarmed Combat
 + Level 2.8 Spellcasting
 + Level 0.5 Conjurations
 + Level 3.7 Hexes
 + Level 0.5 Charms
 + Level 0.5 Summonings
 + Level 0.5 Necromancy
 + Level 0.5 Translocations
 + Level 0.5 Transmutations
 + Level 0.5 Fire Magic
 + Level 0.5 Ice Magic
 + Level 0.5 Air Magic
 + Level 0.5 Earth Magic
 + Level 0.5 Poison Magic
 + Level 0.9 Invocations
 + Level 0.7 Evocations


You had 3 spell levels left.
You knew the following spells:

 Your Spells              Type           Power        Failure   Level  Hunger
k - Sticks to Snakes      Tmut           #.......     28%         2    ###....
p - Passwall              Tmut/Erth      #.........   28%         2    ###....


Dungeon Overview and Level Annotations

Branches:
Dungeon (2/15)

Altars:

Annotations:
D:2 Sigmund


Innate Abilities, Weirdness & Mutations

Your experience applies equally to all skills.
You have very sharp teeth.
Your uncanny sense of smell can sniff out nearby items.


Message History

You kill the ball python!
Something hits you but does no damage.
Firing (i - inventory):
g - 12 arrows (quivered)
Press: ? - help, Shift-Dir - straight line You shoot an arrow.
Something hits you but does no damage.
Unknown command.
Unknown command.
Unknown command.
Firing (i - inventory):
g - 11 arrows (quivered)
Press: ? - help, Shift-Dir - straight line You shoot an arrow.
Something hits you but does no damage.
Firing (i - inventory):
g - 10 arrows (quivered)
Press: ? - help, Shift-Dir - straight line You shoot an arrow.
Firing (i - inventory):
g - 9 arrows (quivered)
Press: ? - help, Shift-Dir - straight line You shoot an arrow.
A magic dart appears from out of thin air!
The magic dart hits you! Something hits you but does no damage.
Firing (i - inventory):
g - 8 arrows (quivered)
Press: ? - help, Shift-Dir - straight line You shoot an arrow.
Unknown command.
Firing (i - inventory):
g - 7 arrows (quivered)
Press: ? - help, Shift-Dir - straight line You shoot an arrow.
Something hits you. Something freezes you.
Firing (i - inventory):
g - 6 arrows (quivered)
Press: ? - help, Shift-Dir - straight line You shoot an arrow.
Something hits you but does no damage.
Firing (i - inventory):
g - 5 arrows (quivered)
Press: ? - help, Shift-Dir - straight line You shoot an arrow.
Your transformation is almost over.
A magic dart appears from out of thin air!
The magic dart hits you!
Firing (i - inventory):
g - 4 arrows (quivered)
Press: ? - help, Shift-Dir - straight line You shoot an arrow.
Something hits you but does no damage.
Firing (i - inventory):
g - 3 arrows (quivered)
Press: ? - help, Shift-Dir - straight line You shoot an arrow.
Something hits you but does no damage.
Firing (i - inventory):
g - 2 arrows (quivered)
Press: ? - help, Shift-Dir - straight line You shoot an arrow.
Firing (i - inventory):
g - an arrow (quivered)
Press: ? - help, Shift-Dir - straight line You shoot an arrow.
Something hits you but does no damage.
Firing (i - inventory): No suitable missiles.
Press: ? - help, Shift-Dir - straight line
Okay, then.
Firing (i - inventory): No suitable missiles.
Press: ? - help, Shift-Dir - straight line
Okay, then.
You aren't carrying any potions.
Unknown command.
Evoke which item? (* to show all) (? for menu, Esc to quit)
Aiming: Random Effects
Press: ? - help, Shift-Dir - straight line, f - you Something hits you but does no damage.
Evoke which item? (* to show all) (? for menu, Esc to quit)
Aiming: Random Effects
Press: ? - help, Shift-Dir - straight line, f - you The bolt of poison hits something.
Something hits you. Something freezes you.
Evoke which item? (* to show all) (? for menu, Esc to quit)
Aiming: Random Effects
Press: ? - help, Shift-Dir - straight line, f - you Nothing appears to happen.
Something hits you but does no damage.
Unknown command.
Evoke which item? (* to show all) (? for menu, Esc to quit)
You don't have any such object.
Evoke which item? (* to show all) (? for menu, Esc to quit)
Okay, then.
Evoke which item? (* to show all) (? for menu, Esc to quit)
Aiming: Random Effects
Press: ? - help, Shift-Dir - straight line, f - you Nothing appears to happen.
You feel less wooden.
Your +0 robe unmelds from your body.
You hear some strange, mumbled words.
Something tries to affect you, but you resist.
Unknown command.
Evoke which item? (* to show all) (? for menu, Esc to quit)
Aiming: Random Effects
Press: ? - help, Shift-Dir - straight line, f - you Something hits you!
* * * LOW HITPOINT WARNING * * *
Something freezes you.
* * * LOW HITPOINT WARNING * * *
Unknown command.
Evoke which item? (* to show all) (? for menu, Esc to quit)
Aiming: Random Effects
Press: ? - help, Shift-Dir - straight line, f - you You hear some strange, mumbled words.
A puff of flame appears from out of thin air!
The puff of flame hits you!
You die...

.#. ...#....
#+##### #.<....
....... #....
.##...(... #.$..
..#.$(....
#..#.##.#.......
#.......#.{.....
#.#.##.#[.#(......
#......<.†@..#
###.####..##.#
......# #
#.#####.# ... ∆
...# #..# ..#


There were no monsters in sight!

Vanquished Creatures
  Jessica (D:2)
  2 bats
  A goblin (D:1)
  2 hobgoblins (D:1)
  A kobold (D:1)
  2 ball pythons
  A frilled lizard (D:2)
  A rat (D:2)
11 creatures vanquished.

Notes
Turn   | Place    | Note
-------+----------+-------------------------------------------
     0 | D:1      | tidbits the Gnoll Wanderer began the quest for the Orb.
     0 | D:1      | tidbits set off with: a +0 shield, a +0 shortbow, 22 arrows, the Incunabulum of Shape Shifting, a +0 robe, a +0 club, a ration
     0 | D:1      | Reached XP level 1. HP: 17/17 MP: 4/4
     0 | D:1      | Identified the Incunabulum of Shape Shifting
    41 | D:1      | Reached XP level 2. HP: 19/23 MP: 5/5
    45 | D:1      | Learned a level 2 spell: Passwall
    48 | D:1      | Learned a level 2 spell: Sticks to Snakes
   106 | D:2      | Noticed Jessica
   110 | D:2      | Killed Jessica
   110 | D:2      | Reached XP level 3. HP: 23/28 MP: 7/7
   118 | D:2      | Noticed Sigmund
   143 | D:2      | Killed from afar by Sigmund

Action                   || total
-------------------------++-------
Melee: Dagger            ||     1
 Fire: Shortbow          ||    38
Evoke: Wand              ||     6
  Use: Potion            ||     1
 Stab: Sleeping          ||     1
Armor: Robe              ||     3
       Skin              ||    18
Dodge: Dodged            ||    10

Table legend:
 A = Turns spent in this place as a percentage of turns spent in the entire game.
 B = Non-inter-level travel turns spent in this place as a percentage of non-inter-level travel turns spent in the entire game.
 C = Inter-level travel turns spent in this place as a percentage of turns spent in this place.
 D = Turns resting spent in this place as a percentage of non-inter-level travel turns spent in this place.
 E = Turns spent auto-exploring this place as a percentage of non-inter-level travel turns spent in this place.
 F = Non-inter-level travel turns spent in this place divided by the number of levels of this place that you've seen.
                   A       B       C       D       E      F
               +-------+-------+-------+-------+-------+----------------------
         Total | 100.0 | 100.0 |   0.0 |   0.0 |   0.0 |  71.5
       Dungeon | 100.0 | 100.0 |   0.0 |   0.0 |   0.0 |  71.5
               +-------+-------+-------+-------+-------+----------------------

Table legend:
 A = Kills in this place as a percentage of kills in entire the game.
 B = Kills by you in this place as a percentage of kills by you in the entire game.
 C = Kills by friends in this place as a percentage of kills by friends in the entire game.
 D = Other kills in this place as a percentage of other kills in the entire game.
 E = Experience gained in this place as a percentage of experience gained in the entire game.
 F = Experience gained in this place divided by the number of levels of this place that you have seen.
                   A       B       C       D       E      F
               +-------+-------+-------+-------+-------+----------------------
         Total | 100.0 | 100.0 |   N/A |   N/A | 100.0 |  26.5
       Dungeon | 100.0 | 100.0 |   N/A |   N/A | 100.0 |  26.5
               +-------+-------+-------+-------+-------+----------------------

Vault maps used:
D:1:      dpeg_arrival_lava_temple_mockup, due_unseen_surprise
D:2:      minmay_wonky_spiral, grunt_dithmenos_smoke_and_mirrors, uniq_jessica,
          uniq_terence, uniq_sigmund
